[ AOE2 MATCH · #473197935 ]
Team RMJapanese vs Lithuanians
[ REPLAY ANALYSIS · EXTRACTED FROM THE RECORDED GAME ]
Feudal
10:25
Castle
28:56
Imperial
44:34
| APM avg | 24.2 |
| APM peak | 74 |
| eAPM avg | 14.6 |
| Villagers / military | 181 / 321 |
Focus
⚔️ 27.4% · 🌾 72.6%
Samurai ×294 · Spearman ×20 · Trebuchet (Packed) ×7
Feudal
14:14
Castle
23:10
Imperial
34:13
| APM avg | 16.3 |
| APM peak | 45 |
| eAPM avg | 14.4 |
| Villagers / military | 117 / 267 |
Focus
⚔️ 45.1% · 🌾 54.9%
Tarkan ×190 · Skirmisher ×58 · Knight ×17 · Trade Cart ×10 · Cavalry Archer ×2
Feudal
11:56
Castle
18:27
Imperial
34:52
| APM avg | 18.2 |
| APM peak | 68 |
| eAPM avg | 11.0 |
| Villagers / military | 129 / 275 |
Focus
⚔️ 36.7% · 🌾 63.3%
Spearman ×162 · Chu Ko Nu ×86 · Trade Cart ×29 · Fire Lancer ×20 · Trebuchet (Packed) ×7
Feudal
11:14
Castle
23:50
Imperial
43:51
| APM avg | 42.3 |
| APM peak | 76 |
| eAPM avg | 27.6 |
| Villagers / military | 301 / 315 |
Focus
⚔️ 36.1% · 🌾 63.9%
Militia ×186 · Knight ×66 · Teutonic Knight ×33 · Scout Cavalry ×28 · Spearman ×2
Feudal
11:21
Castle
22:32
Imperial
41:59
| APM avg | 30.9 |
| APM peak | 72 |
| eAPM avg | 20.6 |
| Villagers / military | 151 / 336 |
Focus
⚔️ 52.1% · 🌾 47.9%
Spearman ×195 · Militia ×91 · Battering Ram ×34 · Centurion ×12 · Mangonel ×4
Feudal
12:29
Castle
24:34
Imperial
43:08
| APM avg | 17.3 |
| APM peak | 52 |
| eAPM avg | 9.3 |
| Villagers / military | 100 / 33 |
Focus
⚔️ 21.7% · 🌾 78.3%
Cataphract ×19 · Archer ×9 · Skirmisher ×5
Feudal
12:11
Castle
20:46
Imperial
35:29
| APM avg | 29.8 |
| APM peak | 69 |
| eAPM avg | 19.4 |
| Villagers / military | 218 / 150 |
Focus
⚔️ 24.4% · 🌾 75.6%
Spearman ×59 · Boyar ×52 · Militia ×21 · Trebuchet (Packed) ×11 · Monk ×3 · Mangonel ×3
Feudal
10:19
Castle
14:56
Imperial
39:34
| APM avg | 28.4 |
| APM peak | 55 |
| eAPM avg | 14.1 |
| Villagers / military | 95 / 116 |
Focus
⚔️ 39.4% · 🌾 60.6%
Leitis ×55 · Scout Cavalry ×50 · Knight ×6 · Trebuchet (Packed) ×4 · Monk ×1
Match map
Initial resources + every placement click. Lines = walls · curves = elevation contours. ◆ gold · ⬟ stone · ● berries · ✦ relic · ◌ wall gap
Inputs per minute
— FettNasty - - TrueCrime
Build order — FettNasty
First 150 of 489 actions detected
| 0:02 | Build | House |
| 0:03 | Create | Villager (Male) |
| 0:03 | Create | Villager (Male) |
| 0:03 | Create | Villager (Male) |
| 0:12 | Create | Villager (Male) |
| 0:15 | Build | House |
| 1:25 | Create | Villager (Male) |
| 2:00 | Create | Villager (Male) |
| 2:00 | Create | Villager (Male) |
| 2:27 | Create | Villager (Male) |
| 2:27 | Create | Villager (Male) |
| 2:43 | Build | Mill |
| 2:46 | Create | Villager (Male) |
| 3:20 | Build | House |
| 3:22 | Build | House |
| 3:32 | Create | Villager (Male) |
| 3:32 | Create | Villager (Male) |
| 3:32 | Create | Villager (Male) |
| 4:20 | Create | Villager (Male) |
| 4:41 | Create | Villager (Male) |
| 4:59 | Build | Lumber Camp |
| 5:17 | Create | Villager (Male) |
| 5:18 | Create | Villager (Male) |
| 5:19 | Create | Villager (Male) |
| 6:10 | Create | Villager (Male) |
| 6:10 | Create | Villager (Male) |
| 6:10 | Create | Villager (Male) |
| 6:52 | Create | Villager (Male) |
| 6:52 | Create | Villager (Male) |
| 6:53 | Create | Villager (Male) |
| 7:17 | Create | Villager (Male) |
| 7:18 | Create | Villager (Male) |
| 7:31 | Build | House |
| 7:33 | Build | House |
| 7:35 | Build | House |
| 7:36 | Build | House |
| 8:15 | Research | Feudal Age |
| 10:14 | Build | Barracks |
| 10:25 | Age | Feudal Age |
| 10:26 | Research | Wheelbarrow |
| 10:29 | Research | Double-Bit Axe |
| 10:29 | Create | Villager (Male) |
| 10:30 | Create | Villager (Male) |
| 10:30 | Create | Villager (Male) |
| 10:30 | Create | Villager (Male) |
| 10:30 | Create | Villager (Male) |
| 10:31 | Create | Villager (Male) |
| 11:09 | Build | Mining Camp |
| 11:34 | Build | Farm |
| 11:36 | Build | Farm |
| 11:38 | Build | Farm |
| 11:40 | Build | Farm |
| 12:10 | Create | Villager (Male) |
| 12:11 | Create | Villager (Male) |
| 12:42 | Create | Villager (Male) |
| 13:23 | Build | Stone Wall |
| 13:28 | Build | Building 487 |
| 13:44 | Create | Spearman |
| 13:45 | Create | Spearman |
| 13:45 | Create | Spearman |
| 13:50 | Build | Farm |
| 14:15 | Build | Farm |
| 14:17 | Create | Villager (Male) |
| 14:48 | Build | Farm |
| 14:49 | Create | Villager (Male) |
| 15:10 | Build | Farm |
| 15:11 | Create | Villager (Male) |
| 15:31 | Build | Stone Wall |
| 15:39 | Build | Farm |
| 15:40 | Create | Villager (Male) |
| 15:59 | Build | Mining Camp |
| 16:19 | Build | House |
| 16:21 | Build | House |
| 16:22 | Build | House |
| 16:23 | Build | House |
| 16:26 | Build | House |
| 16:31 | Build | Farm |
| 16:32 | Create | Villager (Male) |
| 16:32 | Create | Villager (Male) |
| 16:33 | Create | Villager (Male) |
| 16:57 | Build | Farm |
| 17:19 | Build | Farm |
| 17:29 | Create | Spearman |
| 17:29 | Create | Spearman |
| 17:36 | Build | Farm |
| 17:38 | Create | Villager (Male) |
| 17:38 | Create | Villager (Male) |
| 17:48 | Build | Building 490 |
| 18:01 | Build | Farm |
| 18:03 | Create | Villager (Male) |
| 18:03 | Create | Villager (Male) |
| 18:17 | Research | Arson |
| 18:24 | Build | Farm |
| 19:00 | Build | Farm |
| 19:14 | Build | Stone Wall |
| 19:18 | Build | Farm |
| 19:19 | Create | Villager (Male) |
| 19:19 | Create | Villager (Male) |
| 19:19 | Create | Villager (Male) |
| 19:20 | Create | Villager (Male) |
| 19:20 | Create | Villager (Male) |
| 19:43 | Build | Farm |
| 20:03 | Create | Spearman |
| 20:04 | Create | Spearman |
| 20:04 | Create | Spearman |
| 20:04 | Create | Spearman |
| 20:16 | Create | Spearman |
| 20:16 | Create | Spearman |
| 20:18 | Build | Farm |
| 21:03 | Create | Villager (Male) |
| 21:03 | Create | Villager (Male) |
| 21:03 | Create | Villager (Male) |
| 21:03 | Create | Villager (Male) |
| 21:04 | Create | Villager (Male) |
| 21:04 | Create | Villager (Male) |
| 21:04 | Create | Villager (Male) |
| 21:04 | Create | Villager (Male) |
| 21:04 | Create | Villager (Male) |
| 21:47 | Create | Villager (Male) |
| 21:47 | Create | Villager (Male) |
| 21:48 | Create | Villager (Male) |
| 21:48 | Create | Villager (Male) |
| 21:57 | Create | Villager (Male) |
| 21:58 | Create | Villager (Male) |
| 22:15 | Build | Farm |
| 22:25 | Create | Spearman |
| 22:25 | Create | Spearman |
| 22:33 | Build | Farm |
| 22:42 | Create | Spearman |
| 23:05 | Build | Farm |
| 23:19 | Create | Spearman |
| 23:20 | Create | Spearman |
| 23:29 | Build | Blacksmith |
| 23:54 | Create | Villager (Male) |
| 23:54 | Create | Villager (Male) |
| 23:54 | Create | Villager (Male) |
| 24:23 | Build | Stone Wall |
| 24:28 | Create | Villager (Male) |
| 24:29 | Create | Villager (Male) |
| 24:29 | Create | Villager (Male) |
| 24:29 | Create | Villager (Male) |
| 24:30 | Build | Farm |
| 24:40 | Build | Farm |
| 24:41 | Create | Villager (Male) |
| 24:51 | Build | Market |
| 24:59 | Build | Lumber Camp |
| 25:05 | Research | Horse Collar |
| 25:10 | Research | Gold Mining |
| 25:12 | Research | Stone Mining |
| 25:46 | Create | Villager (Male) |
Build order — TrueCrime
First 150 of 538 actions detected
| 0:10 | Research | Loom |
| 0:11 | Create | Villager (Male) |
| 0:11 | Create | Villager (Male) |
| 0:11 | Create | Villager (Male) |
| 0:12 | Create | Villager (Male) |
| 0:12 | Create | Villager (Male) |
| 1:59 | Create | Villager (Male) |
| 2:23 | Create | Villager (Male) |
| 2:39 | Build | Mill |
| 3:00 | Create | Villager (Male) |
| 3:43 | Create | Villager (Male) |
| 4:01 | Create | Villager (Male) |
| 4:16 | Create | Villager (Male) |
| 4:41 | Build | Palisade Wall |
| 4:45 | Create | Villager (Male) |
| 5:07 | Create | Villager (Male) |
| 5:20 | Create | Villager (Male) |
| 5:44 | Create | Villager (Male) |
| 6:25 | Create | Villager (Male) |
| 6:25 | Create | Villager (Male) |
| 6:25 | Create | Villager (Male) |
| 6:45 | Create | Villager (Male) |
| 7:09 | Build | Lumber Camp |
| 7:12 | Create | Villager (Male) |
| 7:40 | Build | Palisade Wall |
| 7:45 | Create | Villager (Male) |
| 7:48 | Create | Villager (Male) |
| 8:34 | Create | Villager (Male) |
| 8:45 | Build | Mill |
| 9:13 | Build | Farm |
| 9:19 | Create | Villager (Male) |
| 9:38 | Build | Farm |
| 9:53 | Build | Mining Camp |
| 9:55 | Create | Villager (Male) |
| 10:12 | Create | Villager (Male) |
| 10:29 | Build | Farm |
| 10:35 | Create | Villager (Male) |
| 10:53 | Build | Farm |
| 11:01 | Create | Villager (Male) |
| 11:19 | Build | Farm |
| 11:29 | Create | Villager (Male) |
| 11:43 | Build | Farm |
| 11:49 | Research | Feudal Age |
| 12:10 | Build | Farm |
| 13:31 | Create | Villager (Male) |
| 13:32 | Create | Villager (Male) |
| 13:32 | Create | Villager (Male) |
| 13:32 | Create | Villager (Male) |
| 13:33 | Create | Villager (Male) |
| 14:14 | Age | Feudal Age |
| 14:31 | Build | Mining Camp |
| 14:48 | Build | Stone Wall |
| 14:56 | Build | Stone Wall |
| 15:15 | Build | Stone Wall |
| 15:22 | Build | Farm |
| 15:51 | Create | Villager (Male) |
| 16:07 | Build | Stone Wall |
| 16:13 | Create | Villager (Male) |
| 16:40 | Research | Horse Collar |
| 16:43 | Research | Double-Bit Axe |
| 16:49 | Build | Farm |
| 17:17 | Build | Market |
| 17:22 | Create | Villager (Male) |
| 17:22 | Create | Villager (Male) |
| 17:35 | Build | Farm |
| 17:55 | Build | Stone Wall |
| 18:01 | Build | Stone Wall |
| 18:06 | Build | Farm |
| 18:09 | Create | Villager (Male) |
| 18:31 | Build | Blacksmith |
| 18:39 | Build | Farm |
| 18:47 | Research | Wheelbarrow |
| 19:13 | Build | Barracks |
| 19:29 | Research | Stone Mining |
| 20:08 | Build | Stone Wall |
| 20:30 | Research | Castle Age |
| 21:01 | Build | Stable |
| 21:55 | Build | Stable |
| 22:51 | Build | Stable |
| 22:56 | Build | Stable |
| 23:10 | Age | Castle Age |
| 23:14 | Build | Town Center |
| 23:20 | Build | Town Center |
| 23:35 | Build | Town Center |
| 23:41 | Research | Bow Saw |
| 24:09 | Create | Villager (Male) |
| 24:09 | Create | Villager (Male) |
| 24:10 | Create | Villager (Male) |
| 24:10 | Create | Villager (Male) |
| 24:10 | Create | Villager (Male) |
| 24:10 | Create | Villager (Male) |
| 24:11 | Create | Villager (Male) |
| 24:11 | Create | Villager (Male) |
| 24:11 | Create | Villager (Male) |
| 24:11 | Create | Villager (Male) |
| 24:12 | Create | Villager (Male) |
| 24:12 | Create | Villager (Male) |
| 24:18 | Build | Castle |
| 24:40 | Build | Farm |
| 24:45 | Build | Farm |
| 24:51 | Create | Villager (Male) |
| 24:51 | Create | Villager (Male) |
| 25:05 | Build | Farm |
| 25:13 | Create | Villager (Male) |
| 25:13 | Create | Villager (Male) |
| 25:13 | Create | Villager (Male) |
| 25:14 | Create | Villager (Male) |
| 25:14 | Create | Villager (Male) |
| 25:29 | Build | Farm |
| 25:34 | Build | Farm |
| 25:41 | Create | Villager (Male) |
| 25:41 | Create | Villager (Male) |
| 25:42 | Create | Villager (Male) |
| 25:42 | Create | Villager (Male) |
| 25:46 | Build | Farm |
| 25:56 | Build | Farm |
| 26:02 | Build | Farm |
| 26:06 | Create | Villager (Male) |
| 26:06 | Create | Villager (Male) |
| 26:06 | Create | Villager (Male) |
| 26:11 | Build | Farm |
| 26:23 | Build | Farm |
| 26:29 | Build | Farm |
| 26:37 | Build | Farm |
| 26:42 | Build | Farm |
| 26:51 | Build | Farm |
| 26:58 | Build | Farm |
| 27:13 | Build | Farm |
| 27:19 | Build | Farm |
| 27:33 | Create | Villager (Male) |
| 27:33 | Create | Villager (Male) |
| 27:34 | Create | Villager (Male) |
| 27:34 | Create | Villager (Male) |
| 27:34 | Create | Villager (Male) |
| 27:34 | Create | Villager (Male) |
| 27:35 | Create | Villager (Male) |
| 27:35 | Create | Villager (Male) |
| 27:35 | Create | Villager (Male) |
| 27:38 | Research | Bloodlines |
| 28:07 | Build | Farm |
| 28:12 | Build | Farm |
| 28:16 | Build | Farm |
| 28:29 | Build | Stable |
| 28:30 | Build | Stable |
| 28:32 | Build | Stable |
| 28:37 | Build | Farm |
| 28:42 | Build | Farm |
| 28:46 | Build | Farm |
| 28:51 | Build | Mill |
| 28:55 | Create | Villager (Male) |
Build order — SamJPV
First 150 of 325 actions detected
| 0:04 | Research | Loom |
| 0:07 | Build | House |
| 0:11 | Build | House |
| 1:35 | Create | Villager (Male) |
| 1:35 | Create | Villager (Male) |
| 2:02 | Create | Villager (Male) |
| 2:30 | Create | Villager (Male) |
| 2:59 | Create | Villager (Male) |
| 3:32 | Create | Villager (Male) |
| 3:36 | Build | Mill |
| 3:44 | Build | House |
| 3:48 | Build | House |
| 3:54 | Build | House |
| 4:03 | Create | Villager (Male) ×2 |
| 4:14 | Build | House |
| 4:59 | Create | Villager (Male) |
| 4:59 | Create | Villager (Male) |
| 6:01 | Create | Villager (Male) |
| 6:08 | Build | Lumber Camp |
| 6:24 | Create | Villager (Male) |
| 6:45 | Create | Villager (Male) |
| 6:46 | Create | Villager (Male) |
| 6:46 | Create | Villager (Male) |
| 6:47 | Create | Villager (Male) |
| 6:47 | Create | Villager (Male) |
| 7:18 | Create | Villager (Male) |
| 7:18 | Create | Villager (Male) |
| 8:21 | Build | Mining Camp |
| 9:24 | Research | Feudal Age |
| 9:58 | Create | Villager (Male) |
| 9:58 | Create | Villager (Male) |
| 9:58 | Create | Villager (Male) |
| 9:58 | Create | Villager (Male) |
| 10:07 | Build | Mining Camp |
| 11:38 | Create | Villager (Male) |
| 11:38 | Create | Villager (Male) |
| 11:38 | Create | Villager (Male) |
| 11:39 | Create | Villager (Male) |
| 11:51 | Build | Mill |
| 11:56 | Age | Feudal Age |
| 12:09 | Build | Farm |
| 12:11 | Build | Farm |
| 12:16 | Build | Farm |
| 12:17 | Build | Farm |
| 12:19 | Build | Farm |
| 12:21 | Build | Farm |
| 13:33 | Build | Blacksmith |
| 13:47 | Build | House |
| 14:38 | Build | Market |
| 15:16 | Build | Stone Wall |
| 15:19 | Build | Building 490 |
| 15:30 | Build | Stone Wall |
| 15:33 | Build | Building 673 |
| 15:43 | Build | Building 673 |
| 15:47 | Research | Castle Age |
| 15:54 | Research | Double-Bit Axe |
| 16:11 | Research | Horse Collar |
| 16:36 | Build | Barracks |
| 16:56 | Build | House |
| 16:56 | Build | House |
| 17:00 | Build | House |
| 17:01 | Build | House |
| 17:03 | Build | House |
| 17:19 | Build | Stone Wall |
| 17:22 | Build | Building 490 |
| 17:43 | Build | Farm |
| 17:43 | Build | Farm |
| 17:44 | Build | Farm |
| 17:46 | Build | Farm |
| 17:50 | Build | Farm |
| 18:05 | Research | Wheelbarrow |
| 18:05 | Research | Town Watch |
| 18:27 | Age | Castle Age |
| 18:41 | Build | Town Center |
| 18:46 | Create | Villager (Male) |
| 18:46 | Create | Villager (Male) |
| 18:50 | Research | Pikeman (upgrade) |
| 19:20 | Build | Barracks |
| 19:41 | Create | Spearman |
| 19:41 | Create | Spearman |
| 19:41 | Create | Spearman |
| 19:49 | Create | Spearman |
| 20:15 | Research | Fletching |
| 20:18 | Create | Villager (Male) |
| 20:18 | Create | Villager (Male) |
| 20:19 | Create | Villager (Male) |
| 20:41 | Create | Spearman |
| 20:42 | Create | Spearman |
| 20:42 | Create | Spearman |
| 21:06 | Build | Stone Wall |
| 21:09 | Build | Building 490 |
| 21:20 | Create | Spearman ×4 |
| 21:45 | Build | Town Center |
| 21:53 | Create | Villager (Male) ×3 |
| 21:59 | Build | Farm |
| 21:59 | Build | Farm |
| 22:04 | Create | Spearman |
| 22:53 | Create | Villager (Male) ×4 |
| 23:00 | Build | Farm |
| 23:01 | Build | Farm |
| 23:04 | Create | Villager (Male) |
| 23:23 | Create | Villager (Male) ×2 |
| 23:23 | Create | Villager (Male) ×2 |
| 23:43 | Build | Farm |
| 24:00 | Create | Villager (Male) ×3 |
| 25:02 | Research | Hand Cart |
| 25:47 | Create | Villager (Male) ×4 |
| 26:21 | Build | Farm |
| 26:24 | Create | Villager (Male) ×2 |
| 26:31 | Build | Stone Wall |
| 26:35 | Build | Stone Wall |
| 26:38 | Build | Stone Wall |
| 27:27 | Create | Villager (Male) ×5 |
| 27:28 | Create | Villager (Male) ×5 |
| 27:28 | Create | Villager (Male) ×3 |
| 27:33 | Build | Farm |
| 27:34 | Build | Farm |
| 27:35 | Build | Farm |
| 27:57 | Create | Villager (Male) ×2 |
| 28:40 | Build | Farm |
| 28:41 | Build | Farm |
| 28:42 | Build | Farm |
| 28:53 | Build | Stone Wall |
| 28:58 | Research | Heavy Plow |
| 29:01 | Research | Bow Saw |
| 29:10 | Create | Villager (Male) ×5 |
| 29:10 | Create | Villager (Male) |
| 29:32 | Build | Castle |
| 29:58 | Research | Scale Mail Armor |
| 29:58 | Research | Forging |
| 30:11 | Build | Farm |
| 30:11 | Build | Farm |
| 30:12 | Build | Farm |
| 30:14 | Build | Farm |
| 30:15 | Build | Farm |
| 30:16 | Build | Farm |
| 30:38 | Build | Farm |
| 30:41 | Build | Farm |
| 30:42 | Build | Farm |
| 30:43 | Build | Farm |
| 30:47 | Build | Farm |
| 30:50 | Build | Farm |
| 31:17 | Research | Great Wall |
| 31:26 | Research | Great Wall |
| 31:42 | Research | Imperial Age |
| 31:55 | Build | Mining Camp |
| 32:01 | Build | Mining Camp |
| 32:05 | Create | Villager (Male) ×5 |
| 32:05 | Create | Villager (Male) ×3 |
| 32:21 | Build | House |
Build order — Phosphorarcher
First 150 of 911 actions detected
| 0:02 | Create | Villager (Male) |
| 0:03 | Create | Villager (Male) |
| 0:03 | Create | Villager (Male) |
| 0:03 | Create | Villager (Male) |
| 0:03 | Create | Villager (Male) |
| 0:06 | Build | House |
| 0:59 | Build | House |
| 1:07 | Build | House |
| 1:09 | Build | House |
| 1:47 | Create | Villager (Male) |
| 2:26 | Create | Villager (Male) |
| 2:43 | Create | Villager (Male) |
| 3:25 | Create | Villager (Male) |
| 3:35 | Create | Villager (Male) |
| 4:12 | Create | Villager (Male) |
| 4:30 | Build | Lumber Camp |
| 4:49 | Create | Villager (Male) |
| 4:50 | Create | Villager (Male) |
| 4:50 | Create | Villager (Male) |
| 5:37 | Create | Villager (Male) |
| 5:37 | Create | Villager (Male) |
| 5:37 | Create | Villager (Male) |
| 6:03 | Create | Villager (Male) |
| 6:26 | Create | Villager (Male) |
| 6:47 | Build | Mill |
| 6:56 | Create | Villager (Male) |
| 7:24 | Create | Villager (Male) |
| 7:25 | Create | Villager (Male) |
| 7:59 | Build | House |
| 8:17 | Create | Villager (Male) |
| 8:28 | Build | Mill |
| 9:04 | Research | Feudal Age |
| 9:10 | Build | Mill |
| 9:24 | Build | House |
| 10:17 | Build | Barracks |
| 10:37 | Build | House |
| 10:39 | Build | House |
| 10:43 | Create | Villager (Male) |
| 10:44 | Create | Villager (Male) |
| 10:44 | Create | Villager (Male) |
| 10:44 | Create | Villager (Male) |
| 11:01 | Build | House |
| 11:14 | Age | Feudal Age |
| 11:32 | Create | Villager (Male) |
| 11:32 | Create | Villager (Male) |
| 11:41 | Build | Stable |
| 11:45 | Create | Spearman |
| 11:48 | Research | Double-Bit Axe |
| 11:59 | Build | House |
| 12:21 | Research | Horse Collar |
| 12:32 | Build | Farm |
| 12:44 | Create | Scout Cavalry |
| 12:45 | Research | Bloodlines |
| 12:53 | Build | House |
| 13:09 | Build | House |
| 13:19 | Create | Villager (Male) |
| 13:21 | Create | Scout Cavalry |
| 13:33 | Build | House |
| 13:40 | Build | Blacksmith |
| 13:44 | Build | Farm |
| 13:45 | Build | Farm |
| 13:49 | Build | Farm |
| 13:54 | Build | Farm |
| 14:00 | Build | House |
| 14:07 | Build | Palisade Wall |
| 14:10 | Build | Palisade Wall |
| 14:12 | Build | Building 804 |
| 14:15 | Create | Villager (Male) |
| 14:16 | Create | Villager (Male) |
| 14:17 | Create | Scout Cavalry |
| 14:25 | Research | Scale Barding Armor |
| 14:28 | Build | Farm |
| 14:32 | Build | Farm |
| 14:49 | Create | Villager (Male) |
| 14:49 | Create | Villager (Male) |
| 14:55 | Build | Mining Camp |
| 15:01 | Create | Scout Cavalry |
| 15:12 | Build | Farm |
| 15:26 | Build | Palisade Wall |
| 15:29 | Create | Scout Cavalry |
| 15:35 | Build | Farm |
| 15:37 | Build | Farm |
| 15:43 | Build | Farm |
| 15:55 | Research | Wheelbarrow |
| 15:57 | Create | Villager (Male) |
| 16:02 | Create | Scout Cavalry |
| 16:08 | Build | Farm |
| 16:12 | Build | Farm |
| 16:15 | Build | Farm |
| 16:31 | Create | Scout Cavalry |
| 16:42 | Research | Man-at-Arms (upgrade) |
| 16:46 | Create | Villager (Male) |
| 16:53 | Build | Farm |
| 16:53 | Build | Farm |
| 16:53 | Build | Farm |
| 16:53 | Build | Farm |
| 16:54 | Build | Farm |
| 17:18 | Create | Scout Cavalry |
| 17:21 | Research | Forging |
| 17:34 | Build | Mill |
| 17:42 | Create | Villager (Male) |
| 17:46 | Build | Farm |
| 17:58 | Build | Farm |
| 18:02 | Build | Farm |
| 18:08 | Create | Villager (Male) |
| 18:10 | Create | Scout Cavalry |
| 18:30 | Create | Villager (Male) |
| 18:36 | Research | Scale Mail Armor |
| 18:38 | Create | Villager (Male) |
| 18:49 | Build | Farm |
| 19:09 | Create | Villager (Male) |
| 19:11 | Create | Scout Cavalry |
| 19:13 | Build | Farm |
| 19:24 | Build | Stable |
| 19:55 | Create | Villager (Male) |
| 19:57 | Create | Scout Cavalry |
| 20:28 | Create | Villager (Male) |
| 20:29 | Create | Scout Cavalry |
| 20:29 | Create | Scout Cavalry |
| 20:51 | Create | Villager (Male) |
| 21:06 | Create | Scout Cavalry |
| 21:07 | Create | Scout Cavalry |
| 21:09 | Research | Castle Age |
| 21:13 | Research | Gold Mining |
| 21:32 | Create | Villager (Male) |
| 22:05 | Create | Villager (Male) |
| 22:05 | Create | Villager (Male) |
| 22:06 | Create | Scout Cavalry |
| 22:06 | Create | Scout Cavalry |
| 22:06 | Create | Scout Cavalry |
| 22:06 | Create | Scout Cavalry |
| 22:44 | Create | Scout Cavalry |
| 22:44 | Create | Scout Cavalry |
| 22:45 | Create | Scout Cavalry |
| 23:07 | Research | Stone Mining |
| 23:11 | Create | Scout Cavalry |
| 23:11 | Create | Scout Cavalry |
| 23:11 | Create | Scout Cavalry |
| 23:11 | Create | Scout Cavalry |
| 23:50 | Age | Castle Age |
| 23:57 | Create | Knight |
| 23:57 | Create | Knight |
| 24:14 | Build | Town Center |
| 24:27 | Research | Scale Mail Armor |
| 24:28 | Research | Chain Barding Armor |
| 24:32 | Research | Long Swordsman (upgrade) |
| 24:51 | Create | Villager (Male) |
| 24:51 | Create | Villager (Male) |
| 24:52 | Create | Villager (Male) |
| 24:55 | Create | Knight |
Build order — MFN Dragon
First 150 of 672 actions detected
| 0:02 | Build | House |
| 0:03 | Build | House |
| 0:08 | Create | Villager (Male) |
| 0:09 | Create | Villager (Male) |
| 0:09 | Create | Villager (Male) |
| 0:09 | Create | Villager (Male) |
| 1:33 | Create | Villager (Male) |
| 1:56 | Build | Lumber Camp |
| 2:07 | Build | Lumber Camp |
| 2:09 | Create | Villager (Male) |
| 3:00 | Create | Villager (Male) |
| 3:00 | Create | Villager (Male) |
| 3:36 | Create | Villager (Male) |
| 3:36 | Create | Villager (Male) |
| 3:56 | Create | Villager (Male) |
| 4:02 | Build | Mill |
| 4:57 | Create | Villager (Male) |
| 4:58 | Create | Villager (Male) |
| 5:09 | Build | House |
| 5:10 | Build | House |
| 5:24 | Build | House |
| 6:10 | Build | Mill |
| 6:41 | Create | Villager (Male) |
| 6:41 | Create | Villager (Male) |
| 6:41 | Create | Villager (Male) |
| 6:42 | Create | Villager (Male) |
| 6:42 | Create | Villager (Male) |
| 6:42 | Create | Villager (Male) |
| 6:43 | Create | Villager (Male) |
| 8:07 | Create | Villager (Male) |
| 8:07 | Create | Villager (Male) |
| 8:08 | Create | Villager (Male) |
| 8:08 | Create | Villager (Male) |
| 8:08 | Create | Villager (Male) |
| 8:25 | Build | Mining Camp |
| 8:48 | Research | Feudal Age |
| 9:38 | Build | House |
| 9:39 | Build | House |
| 10:00 | Build | Barracks |
| 10:05 | Build | House |
| 10:16 | Create | Villager (Male) |
| 10:17 | Create | Villager (Male) |
| 10:17 | Create | Villager (Male) |
| 10:17 | Create | Villager (Male) |
| 10:17 | Create | Villager (Male) |
| 10:57 | Create | Militia |
| 10:58 | Create | Militia |
| 10:58 | Create | Militia |
| 10:58 | Create | Militia |
| 10:58 | Create | Militia |
| 10:59 | Create | Militia |
| 11:03 | Build | House |
| 11:21 | Age | Feudal Age |
| 11:29 | Research | Man-at-Arms (upgrade) |
| 11:37 | Build | Blacksmith |
| 12:42 | Build | House |
| 13:08 | Research | Scale Mail Armor |
| 13:09 | Research | Forging |
| 13:13 | Build | House |
| 13:19 | Create | Villager (Male) |
| 13:20 | Create | Villager (Male) |
| 13:20 | Create | Villager (Male) |
| 13:26 | Build | Farm |
| 13:26 | Build | Farm |
| 13:26 | Build | Farm |
| 13:27 | Build | Farm |
| 13:27 | Build | Farm |
| 13:28 | Build | Farm |
| 13:32 | Build | Farm |
| 14:02 | Create | Villager (Male) |
| 14:13 | Build | Lumber Camp |
| 14:50 | Build | Farm |
| 14:56 | Create | Villager (Male) |
| 14:56 | Create | Villager (Male) |
| 14:56 | Create | Villager (Male) |
| 14:56 | Create | Villager (Male) |
| 14:57 | Create | Villager (Male) |
| 15:34 | Build | House |
| 15:37 | Build | Palisade Wall |
| 16:21 | Create | Villager (Male) |
| 16:22 | Create | Villager (Male) |
| 16:24 | Build | House |
| 16:25 | Build | House |
| 16:26 | Build | House |
| 16:53 | Build | Market |
| 17:02 | Create | Villager (Male) |
| 17:02 | Create | Villager (Male) |
| 17:08 | Build | House |
| 17:14 | Build | Palisade Wall |
| 17:30 | Build | Archery Range |
| 17:51 | Build | Mill |
| 17:51 | Build | Farm |
| 17:52 | Build | Farm |
| 17:52 | Build | Farm |
| 17:52 | Build | Farm |
| 17:52 | Build | Farm |
| 17:53 | Build | Farm |
| 17:53 | Build | Farm |
| 18:03 | Build | House |
| 18:08 | Build | Palisade Wall |
| 18:20 | Build | Palisade Wall |
| 18:33 | Build | Farm |
| 18:39 | Build | Farm |
| 18:47 | Build | House |
| 18:51 | Build | Palisade Wall |
| 19:24 | Build | Palisade Wall |
| 19:33 | Build | Farm |
| 19:52 | Research | Castle Age |
| 19:57 | Build | Farm |
| 19:58 | Build | Farm |
| 20:37 | Build | House |
| 20:59 | Research | Double-Bit Axe |
| 21:07 | Build | Mining Camp |
| 21:09 | Research | Horse Collar |
| 21:38 | Create | Villager (Male) |
| 21:38 | Create | Villager (Male) |
| 21:38 | Create | Villager (Male) |
| 22:32 | Age | Castle Age |
| 22:47 | Build | Town Center |
| 22:58 | Build | Town Center |
| 23:06 | Research | Wheelbarrow |
| 23:07 | Create | Villager (Male) |
| 24:22 | Create | Villager (Male) |
| 24:22 | Create | Villager (Male) |
| 24:22 | Create | Villager (Male) |
| 24:23 | Create | Villager (Male) |
| 24:23 | Create | Villager (Male) |
| 24:27 | Create | Villager (Male) |
| 24:27 | Create | Villager (Male) |
| 24:27 | Create | Villager (Male) |
| 24:28 | Create | Villager (Male) |
| 24:28 | Create | Villager (Male) |
| 24:28 | Create | Villager (Male) |
| 24:28 | Create | Villager (Male) |
| 24:29 | Create | Villager (Male) |
| 24:29 | Create | Villager (Male) |
| 24:29 | Create | Villager (Male) |
| 24:34 | Research | Pikeman (upgrade) |
| 24:35 | Research | Squires |
| 24:46 | Create | Villager (Male) |
| 24:46 | Create | Villager (Male) |
| 24:56 | Build | Farm |
| 24:57 | Build | Farm |
| 24:57 | Build | Farm |
| 24:57 | Build | Farm |
| 24:57 | Build | Farm |
| 24:58 | Build | Farm |
| 25:54 | Build | Town Center |
| 25:57 | Create | Villager (Male) |
| 25:57 | Create | Villager (Male) |
Build order — vallonzo
First 150 of 306 actions detected
| 0:03 | Build | House |
| 0:04 | Create | Villager (Male) |
| 0:05 | Create | Villager (Male) |
| 0:12 | Create | Villager (Male) |
| 0:13 | Create | Villager (Male) |
| 0:13 | Create | Villager (Male) |
| 1:42 | Create | Villager (Male) |
| 2:08 | Create | Villager (Male) |
| 2:14 | Build | House |
| 2:27 | Create | Villager (Male) |
| 2:42 | Create | Villager (Male) |
| 3:12 | Create | Villager (Male) |
| 3:26 | Create | Villager (Male) |
| 3:54 | Create | Villager (Male) |
| 3:54 | Create | Villager (Male) |
| 4:34 | Create | Villager (Male) |
| 4:38 | Build | House |
| 4:42 | Research | Loom |
| 5:16 | Create | Villager (Male) |
| 5:55 | Create | Villager (Male) |
| 5:56 | Create | Villager (Male) |
| 5:56 | Create | Villager (Male) |
| 6:11 | Create | Villager (Male) |
| 6:29 | Build | Mill |
| 6:37 | Build | Lumber Camp |
| 6:42 | Create | Villager (Male) |
| 7:07 | Create | Villager (Male) |
| 7:15 | Build | House |
| 7:18 | Build | House |
| 7:29 | Create | Villager (Male) |
| 7:46 | Build | Barracks |
| 8:02 | Build | Mining Camp |
| 8:13 | Create | Villager (Male) |
| 9:02 | Build | Farm |
| 9:20 | Create | Villager (Male) |
| 9:30 | Build | Farm |
| 9:55 | Build | Farm |
| 10:19 | Research | Feudal Age |
| 12:29 | Age | Feudal Age |
| 12:31 | Build | Archery Range |
| 12:49 | Build | Blacksmith |
| 12:51 | Create | Villager (Male) |
| 12:51 | Create | Villager (Male) |
| 12:52 | Create | Villager (Male) |
| 13:08 | Create | Villager (Male) |
| 13:12 | Research | Double-Bit Axe |
| 13:24 | Create | Archer |
| 13:38 | Research | Fletching |
| 13:39 | Research | Padded Archer Armor |
| 13:59 | Create | Archer |
| 14:00 | Create | Archer |
| 14:11 | Build | House |
| 14:13 | Build | House |
| 14:29 | Research | Wheelbarrow |
| 14:30 | Create | Villager (Male) |
| 14:31 | Create | Villager (Male) |
| 14:53 | Build | Farm |
| 14:55 | Build | Farm |
| 15:05 | Create | Archer |
| 15:07 | Create | Archer |
| 15:49 | Build | Palisade Wall |
| 16:01 | Build | Palisade Wall |
| 16:08 | Build | Palisade Wall |
| 16:16 | Build | Palisade Wall |
| 16:19 | Create | Villager (Male) |
| 16:19 | Create | Villager (Male) |
| 16:37 | Create | Villager (Male) |
| 16:43 | Build | Lumber Camp |
| 17:08 | Create | Archer |
| 17:08 | Create | Archer |
| 17:09 | Create | Archer |
| 17:15 | Build | Farm |
| 17:15 | Build | Farm |
| 17:16 | Build | Farm |
| 17:16 | Build | Farm |
| 17:16 | Build | Farm |
| 17:16 | Build | Farm |
| 17:17 | Build | Farm |
| 17:17 | Build | Farm |
| 17:24 | Create | Villager (Male) |
| 17:31 | Build | House |
| 17:38 | Build | House |
| 17:39 | Build | House |
| 18:02 | Research | Horse Collar |
| 18:08 | Build | Farm |
| 18:21 | Create | Archer |
| 18:33 | Build | Farm |
| 18:36 | Build | Farm |
| 18:44 | Build | Farm |
| 18:47 | Create | Villager (Male) |
| 18:48 | Create | Villager (Male) |
| 19:09 | Build | House |
| 19:58 | Build | Palisade Wall |
| 20:04 | Create | Villager (Male) |
| 20:05 | Create | Villager (Male) |
| 20:05 | Create | Villager (Male) |
| 20:47 | Create | Villager (Male) |
| 21:00 | Build | Market |
| 21:27 | Create | Villager (Male) |
| 21:54 | Research | Castle Age |
| 22:31 | Build | House |
| 22:31 | Build | House |
| 22:32 | Build | House |
| 22:32 | Build | House |
| 22:32 | Build | House |
| 22:57 | Build | Lumber Camp |
| 23:41 | Build | Mining Camp |
| 23:56 | Research | Gold Mining |
| 24:02 | Research | Stone Mining |
| 24:16 | Create | Villager (Male) |
| 24:34 | Age | Castle Age |
| 24:35 | Build | Archery Range |
| 24:38 | Research | Crossbowman (upgrade) |
| 24:52 | Build | Town Center |
| 25:15 | Build | Town Center |
| 25:27 | Build | Palisade Wall |
| 25:35 | Build | Stone Wall |
| 25:42 | Build | Farm |
| 25:45 | Build | Farm |
| 25:47 | Research | Bow Saw |
| 25:51 | Build | Farm |
| 25:54 | Create | Villager (Male) |
| 25:54 | Create | Villager (Male) |
| 25:54 | Create | Villager (Male) |
| 25:57 | Create | Villager (Male) |
| 25:58 | Create | Villager (Male) |
| 25:58 | Create | Villager (Male) |
| 27:09 | Build | Mining Camp |
| 27:24 | Create | Villager (Male) |
| 27:25 | Create | Villager (Male) |
| 27:26 | Create | Villager (Male) |
| 27:27 | Create | Villager (Male) |
| 27:27 | Create | Villager (Male) |
| 27:32 | Create | Villager (Male) |
| 27:32 | Create | Villager (Male) |
| 27:44 | Research | Bodkin Arrow |
| 27:59 | Create | Villager (Male) |
| 27:59 | Create | Villager (Male) |
| 28:00 | Create | Villager (Male) |
| 28:48 | Build | Town Center |
| 29:18 | Build | Barracks |
| 29:19 | Build | Barracks |
| 29:29 | Build | Castle |
| 30:28 | Build | Blacksmith |
| 30:39 | Create | Villager (Male) |
| 30:40 | Create | Villager (Male) |
| 30:40 | Create | Villager (Male) |
| 30:47 | Create | Villager (Male) |
| 30:48 | Create | Villager (Male) |
| 30:48 | Create | Villager (Male) |
Build order — MA
First 150 of 555 actions detected
| 0:01 | Create | Villager (Male) |
| 0:02 | Create | Villager (Male) |
| 0:02 | Create | Villager (Male) |
| 0:05 | Build | House |
| 0:10 | Build | House |
| 0:21 | Create | Villager (Male) |
| 0:21 | Create | Villager (Male) |
| 0:32 | Research | Loom |
| 1:34 | Create | Villager (Male) |
| 2:06 | Create | Villager (Male) |
| 2:07 | Create | Villager (Male) |
| 2:28 | Create | Villager (Male) |
| 2:28 | Create | Villager (Male) |
| 2:54 | Create | Villager (Male) |
| 2:54 | Create | Villager (Male) |
| 2:55 | Create | Villager (Male) |
| 3:04 | Build | Mill |
| 3:36 | Create | Villager (Male) |
| 3:58 | Build | House |
| 4:03 | Build | House |
| 4:25 | Create | Villager (Male) |
| 4:26 | Create | Villager (Male) |
| 4:59 | Create | Villager (Male) |
| 5:00 | Create | Villager (Male) |
| 5:00 | Create | Villager (Male) |
| 5:19 | Create | Villager (Male) |
| 5:19 | Create | Villager (Male) |
| 5:42 | Create | Villager (Male) |
| 5:42 | Create | Villager (Male) |
| 5:43 | Create | Villager (Male) |
| 5:58 | Create | Villager (Male) |
| 5:59 | Create | Villager (Male) |
| 6:29 | Create | Villager (Male) |
| 6:29 | Create | Villager (Male) |
| 7:08 | Create | Villager (Male) |
| 7:08 | Create | Villager (Male) |
| 7:09 | Create | Villager (Male) |
| 7:29 | Create | Villager (Male) |
| 7:29 | Create | Villager (Male) |
| 7:35 | Build | House |
| 7:59 | Create | Villager (Male) |
| 7:59 | Create | Villager (Male) |
| 8:17 | Create | Villager (Male) |
| 8:17 | Create | Villager (Male) |
| 8:25 | Build | Lumber Camp |
| 9:08 | Build | House |
| 9:10 | Build | House |
| 9:16 | Build | Mining Camp |
| 9:30 | Research | Feudal Age |
| 9:45 | Build | Mill |
| 10:15 | Build | Palisade Wall |
| 10:24 | Build | Palisade Wall |
| 10:44 | Build | Palisade Wall |
| 10:56 | Build | Barracks |
| 11:05 | Build | Farm |
| 11:05 | Build | Farm |
| 11:08 | Build | Farm |
| 11:21 | Build | Palisade Wall |
| 11:32 | Build | Palisade Wall |
| 11:39 | Build | Palisade Wall |
| 11:55 | Build | Palisade Wall |
| 12:03 | Build | Palisade Gate |
| 12:11 | Age | Feudal Age |
| 12:12 | Research | Double-Bit Axe |
| 12:12 | Research | Double-Bit Axe |
| 12:13 | Create | Villager (Male) |
| 12:13 | Create | Villager (Male) |
| 12:14 | Create | Villager (Male) |
| 12:14 | Create | Villager (Male) |
| 12:14 | Create | Villager (Male) |
| 12:14 | Create | Villager (Male) |
| 12:21 | Build | Blacksmith |
| 12:36 | Research | Horse Collar |
| 12:49 | Build | House |
| 12:52 | Build | House |
| 13:10 | Build | Farm |
| 13:14 | Create | Villager (Male) |
| 13:17 | Build | Farm |
| 13:19 | Build | Farm |
| 13:20 | Build | Farm |
| 13:22 | Build | Farm |
| 13:22 | Build | Farm |
| 13:23 | Build | Farm |
| 13:23 | Build | Farm |
| 13:32 | Build | Farm |
| 13:33 | Build | Farm |
| 14:16 | Build | Farm |
| 14:19 | Build | Farm |
| 14:21 | Build | Farm |
| 14:22 | Create | Villager (Male) |
| 14:22 | Create | Villager (Male) |
| 14:22 | Create | Villager (Male) |
| 14:23 | Create | Villager (Male) |
| 14:25 | Build | Farm |
| 14:27 | Create | Villager (Male) |
| 14:28 | Create | Villager (Male) |
| 14:47 | Build | Palisade Wall |
| 15:09 | Create | Spearman |
| 15:15 | Create | Villager (Male) |
| 15:16 | Create | Villager (Male) |
| 15:55 | Create | Villager (Male) |
| 16:03 | Build | Farm |
| 16:04 | Build | Farm |
| 16:05 | Build | Farm |
| 16:40 | Build | Stable |
| 16:54 | Build | Mining Camp |
| 17:03 | Build | Farm |
| 17:05 | Build | Farm |
| 18:06 | Research | Castle Age |
| 18:06 | Research | Castle Age |
| 18:18 | Create | Scout Cavalry |
| 19:46 | Build | Building 804 |
| 20:46 | Age | Castle Age |
| 20:50 | Build | Town Center |
| 20:59 | Build | Town Center |
| 21:27 | Build | Town Center |
| 21:58 | Create | Villager (Male) |
| 21:58 | Create | Villager (Male) |
| 21:59 | Create | Villager (Male) |
| 21:59 | Create | Villager (Male) |
| 21:59 | Create | Villager (Male) |
| 21:59 | Create | Villager (Male) |
| 22:10 | Build | Town Center |
| 22:13 | Create | Villager (Male) |
| 22:13 | Create | Villager (Male) |
| 22:14 | Create | Villager (Male) |
| 22:16 | Research | Heavy Plow |
| 22:28 | Create | Villager (Male) |
| 22:28 | Create | Villager (Male) |
| 22:28 | Create | Villager (Male) |
| 22:28 | Create | Villager (Male) |
| 22:29 | Create | Villager (Male) |
| 22:29 | Create | Villager (Male) |
| 22:38 | Research | Bow Saw |
| 22:47 | Build | Monastery |
| 22:52 | Build | House |
| 22:53 | Build | House |
| 22:54 | Build | House |
| 22:55 | Build | House |
| 23:01 | Build | Farm |
| 23:04 | Create | Villager (Male) |
| 23:21 | Create | Villager (Male) |
| 23:23 | Create | Villager (Male) |
| 23:24 | Create | Villager (Male) |
| 23:26 | Create | Villager (Male) |
| 23:26 | Create | Villager (Male) |
| 23:26 | Create | Villager (Male) |
| 23:27 | Create | Villager (Male) |
| 23:27 | Create | Villager (Male) |
| 23:48 | Build | Siege Workshop |
Build order — 三战就要打起来了
First 150 of 322 actions detected
| 0:02 | Create | Villager (Male) |
| 0:02 | Research | Loom |
| 0:13 | Build | House |
| 0:26 | Create | Villager (Male) |
| 0:26 | Create | Villager (Male) |
| 0:27 | Create | Villager (Male) |
| 0:27 | Create | Villager (Male) |
| 0:27 | Create | Villager (Male) |
| 0:27 | Create | Villager (Male) |
| 0:39 | Build | House |
| 0:41 | Build | House |
| 1:20 | Build | House |
| 1:28 | Create | Villager (Male) |
| 1:28 | Create | Villager (Male) |
| 2:17 | Create | Villager (Male) |
| 2:17 | Create | Villager (Male) |
| 2:40 | Build | Lumber Camp |
| 3:29 | Create | Villager (Male) |
| 3:29 | Create | Villager (Male) |
| 3:29 | Create | Villager (Male) |
| 3:29 | Create | Villager (Male) |
| 3:40 | Create | Villager (Male) |
| 3:40 | Create | Villager (Male) |
| 3:40 | Create | Villager (Male) |
| 4:01 | Create | Villager (Male) |
| 4:01 | Create | Villager (Male) |
| 4:29 | Create | Villager (Male) |
| 4:29 | Create | Villager (Male) |
| 4:30 | Create | Villager (Male) |
| 4:57 | Create | Villager (Male) |
| 4:58 | Create | Villager (Male) |
| 4:58 | Create | Villager (Male) |
| 5:27 | Create | Villager (Male) |
| 5:27 | Create | Villager (Male) |
| 5:27 | Create | Villager (Male) |
| 5:50 | Build | Mill |
| 6:37 | Create | Villager (Male) |
| 7:29 | Create | Villager (Male) |
| 7:41 | Build | Mining Camp |
| 8:09 | Research | Feudal Age |
| 8:43 | Build | Barracks |
| 10:19 | Age | Feudal Age |
| 10:33 | Build | Stable |
| 11:42 | Build | Blacksmith |
| 12:16 | Research | Castle Age |
| 12:34 | Build | Farm |
| 12:35 | Build | Farm |
| 13:00 | Build | Farm |
| 13:07 | Build | Farm |
| 13:20 | Build | Farm |
| 13:34 | Build | Farm |
| 14:56 | Age | Castle Age |
| 14:58 | Create | Knight |
| 14:58 | Create | Knight |
| 15:01 | Build | Town Center |
| 15:09 | Create | Knight |
| 15:18 | Create | Villager (Male) |
| 15:30 | Create | Knight |
| 15:46 | Build | House |
| 15:49 | Build | House |
| 15:56 | Create | Villager (Male) |
| 16:28 | Research | Town Watch |
| 16:59 | Create | Villager (Male) |
| 17:02 | Create | Villager (Male) |
| 17:51 | Create | Scout Cavalry |
| 17:51 | Create | Scout Cavalry |
| 17:56 | Create | Knight |
| 17:56 | Create | Knight |
| 18:24 | Build | Monastery |
| 18:41 | Create | Villager (Male) |
| 18:41 | Create | Villager (Male) |
| 19:09 | Build | Farm |
| 19:10 | Build | Farm |
| 19:13 | Create | Monk |
| 19:36 | Build | Farm |
| 19:37 | Build | Farm |
| 19:38 | Build | Farm |
| 19:39 | Create | Villager (Male) |
| 19:40 | Create | Villager (Male) |
| 19:56 | Create | Villager (Male) |
| 21:15 | Research | Bloodlines |
| 21:22 | Create | Villager (Male) |
| 21:22 | Create | Villager (Male) |
| 21:30 | Build | Farm |
| 21:57 | Create | Villager (Male) |
| 22:10 | Create | Villager (Male) |
| 22:11 | Create | Villager (Male) |
| 22:52 | Build | Castle |
| 23:02 | Create | Villager (Male) |
| 23:03 | Create | Villager (Male) |
| 23:08 | Research | Fervor |
| 23:13 | Create | Villager (Male) |
| 23:30 | Build | Building 487 |
| 23:40 | Create | Villager (Male) |
| 23:43 | Create | Villager (Male) |
| 23:43 | Create | Villager (Male) |
| 24:07 | Create | Leitis |
| 24:07 | Create | Leitis |
| 24:38 | Create | Villager (Male) |
| 24:39 | Create | Villager (Male) |
| 24:42 | Create | Leitis |
| 24:42 | Create | Leitis |
| 24:42 | Create | Leitis |
| 25:08 | Create | Leitis |
| 25:08 | Create | Leitis |
| 25:22 | Create | Leitis |
| 25:36 | Build | Town Center |
| 25:40 | Create | Villager (Male) |
| 25:40 | Create | Villager (Male) |
| 26:14 | Create | Villager (Male) |
| 26:14 | Create | Villager (Male) |
| 26:14 | Create | Villager (Male) |
| 26:14 | Create | Villager (Male) |
| 26:57 | Create | Villager (Male) |
| 26:57 | Create | Villager (Male) |
| 27:27 | Build | House |
| 27:28 | Build | House |
| 27:29 | Build | House |
| 27:48 | Create | Leitis |
| 27:48 | Create | Leitis |
| 27:48 | Create | Leitis |
| 27:48 | Create | Leitis |
| 27:54 | Build | Farm |
| 27:55 | Build | Farm |
| 27:56 | Build | Farm |
| 27:57 | Create | Villager (Male) |
| 27:57 | Create | Villager (Male) |
| 28:17 | Create | Villager (Male) |
| 28:17 | Create | Villager (Male) |
| 28:50 | Build | Farm |
| 28:51 | Build | Farm |
| 28:52 | Build | Farm |
| 28:54 | Build | Farm |
| 28:55 | Build | Farm |
| 29:01 | Create | Villager (Male) |
| 29:01 | Create | Villager (Male) |
| 29:06 | Build | Farm |
| 29:11 | Build | Farm |
| 29:12 | Build | Farm |
| 29:13 | Build | Farm |
| 29:17 | Create | Villager (Male) |
| 29:19 | Create | Villager (Male) |
| 29:19 | Create | Villager (Male) |
| 29:32 | Build | Farm |
| 29:38 | Create | Villager (Male) |
| 29:50 | Create | Leitis |
| 29:50 | Create | Leitis |
| 30:32 | Create | Leitis |
| 30:32 | Create | Leitis |
| 30:33 | Create | Leitis |
Match timeline
| 4:41 | TrueCrime · wall_segment Palisade Wall x17 |
| 7:40 | TrueCrime · wall_segment Palisade Wall x15 |
| 7:46 | vallonzo · first_building Barracks |
| 8:43 | 三战就要打起来了 · first_building Barracks |
| 10:00 | MFN Dragon · first_building Barracks |
| 10:14 | FettNasty · first_building Barracks |
| 10:15 | MA · wall_segment Palisade Wall x8 |
| 10:17 | Phosphorarcher · first_building Barracks |
| 10:19 | 三战就要打起来了 · age_up feudal |
| 10:24 | MA · wall_segment Palisade Wall x9 |
| 10:25 | FettNasty · age_up feudal |
| 10:33 | 三战就要打起来了 · first_building Stable |
| 10:44 | MA · wall_segment Palisade Wall x11 |
| 10:56 | MA · first_building Barracks |
| 11:14 | Phosphorarcher · age_up feudal |
| 11:21 | MA · wall_segment Palisade Wall x9 |
| 11:21 | MFN Dragon · age_up feudal |
| 11:32 | MA · wall_segment Palisade Wall x3 |
| 11:39 | MA · wall_segment Palisade Wall x8 |
| 11:41 | Phosphorarcher · first_building Stable |
| 11:55 | MA · wall_segment Palisade Wall x8 |
| 11:56 | SamJPV · age_up feudal |
| 12:11 | MA · age_up feudal |
| 12:29 | vallonzo · age_up feudal |
| 12:31 | vallonzo · first_building Archery Range |
| 13:23 | FettNasty · wall_segment Stone Wall x11 |
| 14:07 | Phosphorarcher · wall_segment Palisade Wall x4 |
| 14:10 | Phosphorarcher · wall_segment Palisade Wall x5 |
| 14:14 | TrueCrime · age_up feudal |
| 14:47 | MA · wall_segment Palisade Wall x3 |
| 14:48 | TrueCrime · wall_segment Stone Wall x18 |
| 14:56 | TrueCrime · wall_segment Stone Wall x19 |
| 14:56 | 三战就要打起来了 · age_up castle |
| 15:15 | TrueCrime · wall_segment Stone Wall x21 |
| 15:16 | SamJPV · wall_segment Stone Wall x10 |
| 15:26 | Phosphorarcher · wall_segment Palisade Wall x1 |
| 15:30 | SamJPV · wall_segment Stone Wall x17 |
| 15:31 | FettNasty · wall_segment Stone Wall x25 |
| 15:37 | MFN Dragon · wall_segment Palisade Wall x24 |
| 15:49 | vallonzo · wall_segment Palisade Wall x4 |
| 16:01 | vallonzo · wall_segment Palisade Wall x7 |
| 16:07 | TrueCrime · wall_segment Stone Wall x5 |
| 16:08 | vallonzo · wall_segment Palisade Wall x12 |
| 16:16 | vallonzo · wall_segment Palisade Wall x10 |
| 16:36 | SamJPV · first_building Barracks |
| 16:40 | MA · first_building Stable |
| 17:14 | MFN Dragon · wall_segment Palisade Wall x17 |
| 17:19 | SamJPV · wall_segment Stone Wall x9 |
| 17:30 | MFN Dragon · first_building Archery Range |
| 17:55 | TrueCrime · wall_segment Stone Wall x8 |
| 18:01 | TrueCrime · wall_segment Stone Wall x5 |
| 18:08 | MFN Dragon · wall_segment Palisade Wall x11 |
| 18:20 | MFN Dragon · wall_segment Palisade Wall x4 |
| 18:24 | 三战就要打起来了 · first_building Monastery |
| 18:27 | SamJPV · age_up castle |
| 18:51 | MFN Dragon · wall_segment Palisade Wall x3 |
| 19:13 | TrueCrime · first_building Barracks |
| 19:14 | FettNasty · wall_segment Stone Wall x15 |
| 19:24 | MFN Dragon · wall_segment Palisade Wall x9 |
| 19:46 | MFN Dragon · first_market_buy 100 food |
| 19:58 | vallonzo · wall_segment Palisade Wall x8 |
| 20:08 | TrueCrime · wall_segment Stone Wall x14 |
| 20:46 | MA · age_up castle |
| 21:01 | TrueCrime · first_building Stable |
| 21:06 | SamJPV · wall_segment Stone Wall x26 |
| 22:32 | MFN Dragon · age_up castle |
| 22:47 | MA · first_building Monastery |
| 22:52 | 三战就要打起来了 · first_building Castle |
| 23:03 | TrueCrime · first_market_buy 100 wood |
| 23:10 | TrueCrime · age_up castle |
| 23:24 | TrueCrime · first_market_sell 100 food |
| 23:48 | MA · first_building Siege Workshop |
| 23:50 | Phosphorarcher · age_up castle |
| 24:18 | TrueCrime · first_building Castle |
| 24:23 | FettNasty · wall_segment Stone Wall x6 |
| 24:34 | vallonzo · age_up castle |
| 25:27 | vallonzo · wall_segment Palisade Wall x12 |
| 25:35 | vallonzo · wall_segment Stone Wall x6 |
| 25:56 | MA · first_building Castle |
| 26:31 | SamJPV · wall_segment Stone Wall x3 |
| 26:35 | SamJPV · wall_segment Stone Wall x3 |
| 26:38 | SamJPV · wall_segment Stone Wall x5 |
| 28:18 | Phosphorarcher · wall_segment Stone Wall x14 |
| 28:53 | SamJPV · wall_segment Stone Wall x1 |
| 28:56 | FettNasty · age_up castle |
| 29:09 | MFN Dragon · first_building Siege Workshop |
| 29:29 | vallonzo · first_building Castle |
| 29:31 | Phosphorarcher · wall_segment Stone Wall x8 |
| 29:32 | SamJPV · first_building Castle |
| 30:39 | Phosphorarcher · wall_segment Stone Wall x4 |
| 30:55 | MFN Dragon · wall_segment Stone Wall x3 |
| 31:30 | FettNasty · wall_segment Stone Wall x18 |
| 34:13 | TrueCrime · age_up imperial |
| 34:52 | SamJPV · age_up imperial |
| 35:29 | MA · age_up imperial |
| 35:55 | FettNasty · first_building Castle |
| 37:07 | MFN Dragon · first_building Castle |
| 37:10 | Phosphorarcher · first_building Castle |
| 39:34 | 三战就要打起来了 · age_up imperial |
| 39:52 | vallonzo · first_market_buy 100 food |
| 40:32 | Phosphorarcher · first_market_sell 100 food |
| 41:01 | MFN Dragon · first_building Stable |
| 41:59 | MFN Dragon · age_up imperial |
| 43:08 | vallonzo · age_up imperial |
| 43:30 | vallonzo · first_market_sell 100 stone |
| 43:51 | Phosphorarcher · age_up imperial |
| 44:34 | FettNasty · age_up imperial |
| 46:03 | Phosphorarcher · first_market_buy 100 stone |
| 46:51 | Phosphorarcher · wall_segment Stone Wall x11 |
| 47:37 | Phosphorarcher · wall_segment Stone Wall x10 |
| 48:30 | TrueCrime · first_building Archery Range |
| 49:03 | SamJPV · wall_segment Stone Wall x11 |
| 53:04 | FettNasty · first_market_sell 500 wood |
| 53:23 | Phosphorarcher · tribute_sent a jugador 1 |
| 53:23 | Phosphorarcher · tribute_sent a jugador 2 |
| 53:23 | Phosphorarcher · tribute_sent a jugador 3 |
| 53:23 | Phosphorarcher · tribute_sent a jugador 5 |
| 53:23 | Phosphorarcher · tribute_sent a jugador 6 |
| 53:23 | Phosphorarcher · tribute_sent a jugador 7 |
| 53:23 | Phosphorarcher · tribute_sent a jugador 8 |
| 55:48 | TrueCrime · resign |
[ AI ANALYSIS · 1 CREDIT ]
What really happened in this match?
Wolo.gg analyzes every decision: build order, eco, micro, common mistakes by bracket. Personalized analysis on WhatsApp or Discord in 30 seconds.
Civ guide
Japanese
Map guide
Arabia
Perfil
FettNasty